 Dungeon Crawl Stone Soup version 0.27-a0-1378-gdefffd1ff6 (webtiles) character file.

Game seed: 13833026108133714847

46 blackman the Grave Robber (level 3, -1/26 HPs)
             Began as a Ghoul Necromancer on June 29, 2021.
             Slain by an orc (7 damage)
             ... on level 3 of the Dungeon on June 30, 2021.
             The game lasted 00:26:00 (2356 turns).

blackman the Grave Robber (Ghoul Necromancer)       Turns: 2356, Time: 00:26:01

Health: -1/26      AC:  3    Str: 11    XL:     3   Next: 68%
Magic:  0/5        EV: 12    Int: 11    God:
Gold:   64         SH:  0    Dex:  9    Spells: 4/6 levels left

rFire    . . .     SeeInvis .   l - +0 spear
rCold    + . .     Faith    .   (no shield)
rNeg     + + +     Spirit   .   a - +0 robe
rPois    ∞         Reflect  .   (no helmet)
rElec    .         Harm     .   (no cloak)
rCorr    .         Rampage  .   (no gloves)
Will     .....                  b - +0 pair of boots
Stlth    ++........             (no amulet)
HPRegen  0.00/turn              (no ring)
MPRegen  0.09/turn              (no ring)

@: no status effects
A: claws 1, cold resistance 1, negative energy resistance 3, inhibited
regeneration, torment resistance 2
a: no special abilities


You were on level 3 of the Dungeon.
You visited 1 branch of the dungeon, and saw 3 of its levels.

You collected 64 gold pieces.

Inventory:

Hand Weapons
 c - a +0 hunting sling
 e - a +0 short sword
 l - a +0 spear (weapon)
Missiles
 k - 4 atropa-tipped darts (quivered)
Armour
 a - a +0 robe (worn)
 b - a +0 pair of boots (worn)
 j - a +0 ring mail
Scrolls
 d - 2 scrolls of vulnerability {unknown}
 f - a scroll of holy word {unknown}
 g - 2 scrolls of identify {unknown}
 h - a scroll of magic mapping {unknown}
 i - a scroll of teleportation {unknown}
 m - 2 scrolls of enchant weapon {unknown}
 n - a scroll of fog {unknown}
Potions
 o - a potion of brilliance {unknown}


   Skills:
 - Level 0.2 Short Blades
 + Level 1.8 Dodging
 + Level 2.3 Stealth
 + Level 2.2 Spellcasting
 * Level 4.8 Necromancy


You had 4 spell levels left.
You knew the following spells:

 Your Spells              Type           Power      Damage    Failure   Level
a - Pain                  Necr           44%        1d6       4%          1
b - Animate Skeleton      Necr           22%        N/A       4%          1

Your spell library contained the following spells:

 Spells                   Type           Power      Damage    Failure   Level
 Vampiric Draining        Necr           5%         2d6       12%         3
 Corona                   Hex            1%         N/A       28%         1
 Animate Dead             Necr           5%         N/A       36%         4
 Ensorcelled Hibernation  Hex/Ice        2%         N/A       41%         2
 Confusing Touch          Hex            1%         N/A       65%         3
 Dazzling Flash           Conj/Hex       2%         N/A       65%         3
 Tukima's Dance           Hex            1%         N/A       65%         3
 Agony                    Necr           11%        N/A       73%         5


Dungeon Overview and Level Annotations

Branches:
Dungeon (3/15)

Altars:
Zin

Shops:
D:2 =


Innate Abilities, Weirdness & Mutations

You thrive by killing the living.
You are immune to poison.
You have sharp fingernails.
Your flesh is cold resistant. (rC+)
You are immune to negative energy. (rN+++)
You do not regenerate when monsters are visible.
You are immune to unholy pain and torment.


Message History

Casting: Pain (safe; 4% risk of failure)
Confirm with . or Enter, or press ? or * to list all spells.
Aiming: Pain (safe; 4% risk of failure)
Press: ? - help, Shift-Dir - straight line, f - orc
Aim: an orc, wielding a +0 hand axe and wearing a +0 leather armour (chance to affect: 80%)
The orc barely resists.
Casting: Pain (safe; 4% risk of failure)
Confirm with . or Enter, or press ? or * to list all spells.
Aiming: Pain (safe; 4% risk of failure)
Press: ? - help, Shift-Dir - straight line, f/p - orc
Aim: an orc, wielding a +0 hand axe and wearing a +0 leather armour (chance to affect: 80%)
The orc barely resists.
The orc closely misses you.
Casting: Pain (safe; 4% risk of failure)
Confirm with . or Enter, or press ? or * to list all spells.
Aiming: Pain (safe; 4% risk of failure)
Press: ? - help, Shift-Dir - straight line, f/p - orc
Aim: an orc, wielding a +0 hand axe and wearing a +0 leather armour (chance to affect: 80%)
The orc writhes in agony.
The orc hits you with a +0 hand axe.
You hit the orc but do no damage.
The orc is almost dead.
The orc hits you with a +0 hand axe.
You hit the orc.
You kill the orc!
You feel better.
You hit the orc but do no damage. The orc closely misses you.
You hit the orc.
The orc is severely wounded.
The orc hits you with a +0 hand axe.
You hit the orc but do no damage.
The orc is severely wounded.
The orc hits you with a +0 hand axe.
You barely miss the orc.
The orc is heavily wounded.
The orc hits you with a +0 hand axe.
You hit the orc.
The orc is severely wounded.
The orc hits you with a +0 hand axe.
* * * LOW HITPOINT WARNING * * *
The orc hits you with a +0 hand axe!
You die...

#.......# #.......#
#...# . #.......#
#...##. #.......#
#....#.
.......#####....#.
.)......##...... #
#.o....##...#..
#.####!.............
#..@oo.............>
#.#####........)....
# #.......#.####
#...........
#.............
######........
#..#..?.. #..#.....
#..######


You could see 2 orcs.

Vanquished Creatures
  An adder (D:2)
  2 orcs (D:3)
  5 bats
  5 endoplasms
  A giant cockroach (D:1)
  2 goblins
  2 hobgoblins (D:1)
  3 jackals
  A quokka (D:2)
  2 ball pythons
  A frilled lizard (D:2)
  4 kobolds
  3 rats
32 creatures vanquished.

Notes
Turn   | Place    | Note
-------+----------+-------------------------------------------
     0 | D:1      | blackman the Ghoul Necromancer began the quest for the Orb.
     0 | D:1      | Reached XP level 1. HP: 14/14 MP: 2/2
   201 | D:1      | Found a faded altar of an unknown god.
   491 | D:1      | Learned a level 1 spell: Animate Skeleton
   549 | D:1      | Reached XP level 2. HP: 18/20 MP: 3/3
  1509 | D:2      | Found Gumoreuw's Jewellery Emporium.
  1519 | D:2      | Reached XP level 3. HP: 26/26 MP: 0/5
  2356 | D:3      | Slain by an orc

Illustrated notes

Levels and vault maps discovered:
D:1:      scummos_arrival_gate, layout_basic,
          hellmonk_ecumenical_altar_heavens_door,
          chequers_serial_rivers_micro_e, grunt_decor_fettered,
          due_unseen_surprise
D:2:      layout_basic, basic_altar, serial_shops, shop
D:3:      layout_basic, gup_sewer_entry_spiral

Skill      XL: |  1  2 |
---------------+-------+-----
Spellcasting   | 2 |  2.2
Short Blades   | |  0.2
Dodging        | |  1.8
Stealth        | |  2.3
Necromancy     | |  4.8

Action                   || total
-------------------------++-------
Melee: Short sword       ||    32
       Unarmed           ||     3
       Spear             ||     7
 Cast: Pain              ||    63
       Animate Skeleton  ||     6
  Use: Potion            ||     3
 Stab: Sleeping          ||     1
Armor: Robe              ||    20
Dodge: Dodged            ||    63

Table legend: (Time is in decaauts)
 A = Elapsed time spent in this place.
 B = Non-inter-level travel time spent in this place.
 C = Inter-level travel time spent in this place.
 D = Time resting spent in this place.
 E = Time spent auto-exploring this place.
 F = Levels seen in this place.
 G = Mean time per level.
                   A        B        C        D        E       F      G
               +--------+--------+--------+--------+--------+-----+--------+
         Total |   2359 |   1999 |    360 |    832 |    650 |   3 |  786.3 |
       Dungeon |   2359 |   1999 |    360 |    832 |    650 |   3 |  786.3 |
               +--------+--------+--------+--------+--------+-----+--------+

Top non-repeatable levels by time:
     D:2: 1189 daAuts
     D:1: 1094 daAuts
     D:3: 75 daAuts
